 Dungeon Crawl Stone Soup version 0.29.1-1-gd02db6906a (webtiles) character file.

Game seed: 12035333003711270990

50 safid the Shooter (level 3, -6/31 HPs)
             Began as a Minotaur Hunter on Oct 7, 2022.
             Blown up by a kobold (19 damage)
             ... with a mindburst bolt
             ... on level 3 of the Dungeon.
             The game lasted 00:01:57 (1515 turns).

safid the Shooter (Minotaur Hunter)                 Turns: 1515, Time: 00:01:57

Health: -6/31      AC:  3    Str: 15    XL:     3   Next: 55%
Magic:  2/2        EV: 12    Int:  6    God:
Gold:   70         SH:  0    Dex: 15    Spells: 2/2 levels left

rFire   . . .      SeeInvis .   a - +0 shortbow
rCold   . . .      Faith    .   (shield currently unavailable)
rNeg    . . .      Spirit   .   c - +0 leather armour
rPois   .          Reflect  .   (helmet restricted)
rElec   .          Harm     .   (no cloak)
rCorr   .          Rampage  .   (no gloves)
Will    .....                   (no boots)
Stlth   +.........              (no amulet)
HPRegen 0.10/turn               (no ring)
MPRegen 0.08/turn               (no ring)

@: no status effects
A: horns 2, retaliatory headbutt
a: no special abilities


You were on level 3 of the Dungeon.
You visited 1 branch of the dungeon, and saw 3 of its levels.

You collected 70 gold pieces.

Inventory:

Hand Weapons
 a - a +0 shortbow (weapon)
Missiles
 j - 2 javelins
Armour
 c - a +0 leather armour (worn)
Scrolls
 b - a scroll of immolation
 d - a scroll of vulnerability {unknown}
 f - 2 scrolls of identify {unknown}
 g - 3 scrolls of magic mapping {unknown}
 i - a scroll of summoning {unknown}
 l - a scroll of teleportation {unknown}
 o - 2 scrolls of blinking {unknown}
 p - a scroll of enchant armour {unknown}
Potions
 e - a potion of brilliance {unknown}
 h - a potion of attraction {unknown}
 k - a potion of heal wounds {unknown}
 m - a potion of mutation {unknown}
 n - a potion of might {unknown}


   Skills:
 - Level 3.0 Fighting
 + Level 5.6 Ranged Weapons
 - Level 2.1 Dodging
 - Level 0.7 Stealth


You had 2 spell levels left.
You didn't know any spells.
Your spell library contained the following spells:

 Spells                   Type           Power      Damage    Failure   Level
 Magic Dart               Conj           0%         1d3       52%         1
 Searing Ray              Conj           0%         2d4       67%         2
 Fulminant Prism          Conj/Hex       0%         3d6       99%         4


Dungeon Overview and Level Annotations

Branches:
Dungeon (3/15)

Altars:
Elyvilon
Ru


Innate Abilities, Weirdness & Mutations

You have a pair of horns on your head.
You reflexively headbutt those who attack you in melee.


Message History

A kobold comes into view.
It is wielding a +0 whip and carrying a wand of mindburst (11).
The kobold shouts!
The kobold moves out of view.
No target in view!
No target in view!
No target in view!
A kobold is nearby!
A kobold is nearby!
A kobold is nearby!
You shoot an arrow. The arrow barely misses the kobold.
You hear an angry hiss.
The kobold throws a stone.
The stone closely misses you.
You shoot an arrow. The arrow hits the kobold.
The kobold is severely wounded.
An adder comes into view.
The kobold zaps a wand.
Your mind is blasted!
You shoot an arrow.
The arrow hits the adder but does no damage.
You shoot an arrow.
The arrow hits the adder but does no damage.
The adder misses you. The adder bites you but does no damage.
You shoot an arrow. The arrow hits the adder.
The adder is heavily wounded.
A giant cockroach comes into view.
The adder barely misses you. You furiously retaliate!
You headbutt the adder. The kobold barely misses you.
You shoot an arrow. The arrow barely misses the adder.
The arrow barely misses the giant cockroach.
The adder bites you. x2; The kobold zaps a wand.
You barely resist.
You are too injured to fight recklessly!
You are too injured to fight recklessly!
You are too injured to fight recklessly!
You are too injured to fight recklessly!
You are too injured to fight recklessly!
Unknown command.
The kobold attacks as you move away! The kobold hits you with a +0 whip.
The adder attacks as you move away! The adder completely misses you.
The kobold zaps a wand.
Your mind is blasted!
Ouch! That really hurt!
You die...

#..... #..... #.# #.....
#.# # #.##.# #.# #.
#.##.# #.# #..######.##.#
#.#
.).......##.######.####
......................#
...#K.@.##...........#
#.S..##.###.##.#..#
#?B..##.###.##....#
...[.###.#.........#
......>. ..#.###..#..#
..<....................##
~~~#######.#.#.###..#..#.
≈≈~ ...# #....... ≈≈
##... ##.#..#.


You could see an adder, a giant cockroach and a kobold.

Vanquished Creatures
  An adder (D:2)
  A dart slug (D:1)
  8 endoplasms
  3 giant cockroaches
  3 goblins
  2 hobgoblins (D:1)
  3 jackals (D:1)
  A kobold (D:1)
  2 quokkas (D:1)
  4 ball pythons
  3 bats
  A frilled lizard (D:1)
  A rat (D:1)
33 creatures vanquished.

Notes
Turn   | Place    | Note
-------+----------+-------------------------------------------
     0 | D:1      | safid the Minotaur Hunter began the quest for the Orb.
     0 | D:1      | Reached XP level 1. HP: 18/18 MP: 0/0
   196 | D:1      | Reached XP level 2. HP: 25/25 MP: 1/1
   296 | D:1      | Reached skill level 5 in Ranged Weapons
   408 | D:1      | Found a faded altar of an unknown god.
   871 | D:2      | Reached XP level 3. HP: 31/31 MP: 2/2
  1011 | D:2      | Found a sacrificial altar of Ru.
  1399 | D:3      | Found a white marble altar of Elyvilon.
  1515 | D:3      | Blown up by a kobold

Illustrated notes

Levels and vault maps discovered:
D:1:      co_arrival_random_square_maze, layout_loops_ring,
          shapermc_ecumenical_altar_notcrosses
D:2:      layout_rooms, basic_altar, feat_on_display
D:3:      wander_river, layout_basic, nicolae_elyvilon_temple_path

Skill      XL: |  1  2 |
---------------+-------+-----
Fighting       | 3 |  3.0
Ranged Weapons | 5 |  5.6
Dodging        | |  2.1
Stealth        | |  0.7

Action                   || total
-------------------------++-------
 Fire: Shortbow          ||    89
Armor: Leather armour    ||     9
Dodge: Dodged            ||    28
